Map: Frozen Temple

Players

Arcane

  • Race: Protoss Protoss
  • League: Master

Miszu - Winner!

  • Race: Protoss Protoss
  • League: Master

VOD

Have the link to the VOD?

Description

Time

  • Played on: July 2, 2016, 5:23 p.m.
  • Length: 14:42
Show
View Real Time Build Order
Export as new Build Order

Arcane Protoss 

Build Orders:  

Get SALT Encoding   

  12  0:01  Probe (Chrono Boost)  
  13  0:11  Probe (Chrono Boost)  
  14  0:18  Pylon  
  14  0:22  Probe (Chrono Boost)  
  15  0:37  Probe (Chrono Boost)  
  15  0:40  Gateway  
  16  0:45  Assimilator  
  16  0:48  Probe (Chrono Boost)  
  17  1:00  Probe (Chrono Boost)  
  18  1:04  Assimilator  
  18  1:10  Probe (Chrono Boost)  
  19  1:14  Gateway  
  19  1:21  Probe (Chrono Boost)  
  20  1:31  Probe (Chrono Boost)  
  21  1:39  Cybernetics Core  
  21  1:42  Probe (Chrono Boost)  
  21  1:45  Pylon  
  22  1:53  Probe (Chrono Boost)  
  23  1:57  Pylon  
  23  2:15  Adept x2  
  27  2:16  Warp Gate (Chrono Boost)  
  27  2:17  Mothership Core (Chrono Boost)  
  29  2:43  Nexus  
  29  2:49  Stalker  
  31  2:57  Stalker  
  33  3:08  Pylon  
  33  3:26  Probe  
  32  3:29  Stalker  
  32  3:35  Stargate  
  32  3:39  Probe  
  33  3:44  Stalker  
  35  3:51  Probe  
  35  3:55  Probe  
  37  4:03  Probe  
  37  4:05  Probe  
  39  4:15  Probe  
  39  4:16  Probe  
  40  4:19  Stalker  
  43  4:24  Oracle (Chrono Boost)  
  43  4:27  Probe x2  
  48  4:32  Robotics Facility  
  48  4:39  Probe  
  48  4:40  Probe  
  48  4:42  Pylon  
  50  4:51  Probe  
  51  4:55  Pylon  
  54  5:01  Adept  
  54  5:03  Adept  
  54  5:05  Probe  
  54  5:06  Probe  
  59  5:14  Phoenix (Chrono Boost)  
  59  5:17  Probe x2  
  61  5:22  Stalker  
  63  5:29  Probe  
  64  5:38  Probe  
  64  5:41  Probe  
  62  5:43  Immortal (Chrono Boost)  
  62  5:46  Phoenix  
  62  5:49  Probe  
  68  5:54  Assimilator  
  68  5:55  Assimilator  
  66  5:58  Probe  
  67  6:07  Pylon  
  67  6:10  Twilight Council  
  67  6:12  Gateway  
  67  6:14  Gateway, Phoenix  
  67  6:18  Probe  
  70  6:23  Probe  
  71  6:30  Sentry, Probe  
  74  6:37  Nexus  
  74  6:38  Pylon  
  74  6:41  Immortal (Chrono Boost)  
  78  6:52  Pylon  
  78  6:56  Probe  
  78  7:01  Stalker x2  
  83  7:03  Blink (Chrono Boost)  
  83  7:08  Probe  
  83  7:09  Probe  
  83  7:11  Gateway  
  83  7:12  Gateway  
  83  7:14  Pylon  
  85  7:22  Immortal  
  87  7:42  Adept x4  
  95  7:47  Probe x2  
  97  7:52  Probe  
  98  8:02  Immortal  
  102  8:07  Adept x2  
  102  8:08  Adept x2  
  102  8:11  Probe  
  110  8:13  Probe  
  110  8:15  Assimilator  
  110  8:16  Assimilator  
  110  8:19  Adept  
  114  8:20  Templar Archives  
  114  8:22  Adept  
  114  8:26  Probe  
  117  8:32  Pylon  
  117  8:48  Probe x2  
  117  8:50  Probe  
  120  9:02  Probe x2  
  112  9:13  Zealot x3  
  112  9:15  Stalker x3  
  96  9:27  Probe  
  98  9:31  Gateway, Mothership Core  
  98  9:33  Gateway  
  98  9:34  Stalker x3  
  98  9:35  Gateway  
  105  9:39  Adept x2  
  105  9:40  Gateway x2  
  105  9:41  Adept  
  111  9:48  Pylon  
  111  9:50  Pylon  
  111  9:52  Immortal, Pylon  
  115  10:00  Adept x2  
  115  10:06  Pylon  
  119  10:08  High Templar  
  119  10:09  High Templar x3  
  119  10:13  Archon x2  
  127  10:28  Probe  
  124  10:30  High Templar x2  
  124  10:35  Charge (Chrono Boost), Archon  
  128  10:40  Nexus  
  128  10:41  Pylon  
  128  10:42  High Templar x2  
  130  10:43  High Templar x2  
  130  10:47  Archon x2  
  136  10:53  High Templar x2  
  140  10:59  Forge, Gateway  
  140  11:01  Gateway  
  140  11:03  Archon  
  140  11:04  Assimilator  
  140  11:06  Zealot x4, Assimilator  
  140  11:07  Zealot  
  150  11:22  High Templar x3  
  150  11:23  Probe x2  
  150  11:24  Probe  
  159  11:37  Probe  
  159  11:38  High Templar  
  162  11:46  Archon x2  
  160  11:48  Warp Prism  
  160  11:49  High Templar x2  
  164  11:55  Pylon  
  164  11:58  Gateway, Protoss Ground Weapons Level 1  
  164  12:00  Gateway  
  164  12:03  Archon  
  164  12:04  Zealot x2  
  164  12:05  Zealot x5  
  164  12:06  Zealot  
  180  12:24  High Templar x3  
  186  12:39  Gateway  
  186  12:43  Adept x2  
  184  12:52  Archon  
  160  13:02  Zealot  
  160  13:03  Zealot x3  
  160  13:04  Zealot  
  160  13:05  Zealot x4  
  150  13:06  Zealot x3  
  156  13:23  Zealot  
  152  13:34  Zealot x2  
  104  13:35  Zealot x3  
  104  13:36  High Templar  
  104  13:37  High Templar x3  
  104  13:38  High Templar x3  
  100  13:45  Archon  
  100  13:46  Archon x2  
  92  13:52  High Templar x2  
  92  13:54  Immortal  
  92  14:04  Archon  
  88  14:10  High Templar x3  
  94  14:17  Zealot x2  
  94  14:19  Zealot x3  
  94  14:20  Zealot x4  
Show
View Real Time Build Order
Export as new Build Order

Miszu Protoss - Winner!

Build Orders: Blink Stalkers 

Get SALT Encoding   

  12  0:01  Probe (Chrono Boost)  
  13  0:11  Probe (Chrono Boost)  
  14  0:18  Pylon  
  14  0:22  Probe (Chrono Boost)  
  15  0:36  Probe (Chrono Boost)  
  15  0:37  Gateway  
  16  0:46  Probe (Chrono Boost)  
  16  0:47  Assimilator  
  17  0:56  Assimilator  
  18  0:57  Probe (Chrono Boost)  
  18  1:06  Gateway  
  18  1:07  Probe (Chrono Boost)  
  19  1:18  Probe (Chrono Boost)  
  20  1:28  Probe (Chrono Boost)  
  21  1:33  Pylon  
  21  1:39  Probe (Chrono Boost)  
  22  1:41  Cybernetics Core  
  22  2:07  Probe (Chrono Boost)  
  23  2:17  Stalker x2  
  23  2:18  Warp Gate (Chrono Boost)  
  23  2:19  Mothership Core (Chrono Boost)  
  29  2:23  Pylon  
  29  2:47  Stalker x2  
  33  3:01  Nexus  
  33  3:08  Twilight Council  
  33  3:12  Probe (Chrono Boost)  
  33  3:29  Probe (Chrono Boost)  
  34  3:37  Blink  
  34  3:39  Probe (Chrono Boost)  
  34  3:41  Robotics Facility  
  35  3:48  Pylon  
  35  3:57  Pylon  
  35  3:59  Probe  
  36  4:11  Probe  
  36  4:12  Probe  
  38  4:17  Sentry  
  38  4:18  Sentry  
  38  4:22  Probe  
  38  4:23  Probe  
  43  4:27  Gateway  
  44  4:33  Probe  
  44  4:35  Probe  
  46  4:40  Assimilator  
  46  4:43  Assimilator  
  46  4:45  Observer (Chrono Boost), Probe  
  48  4:47  Probe  
  49  4:57  Probe  
  49  4:59  Probe  
  51  5:02  Pylon  
  51  5:04  Immortal (Chrono Boost)  
  55  5:09  Probe  
  56  5:15  Probe  
  56  5:19  Stalker  
  59  5:21  Probe  
  59  5:27  Probe  
  61  5:31  Pylon  
  61  5:32  Stalker  
  61  5:33  Probe  
  60  5:39  Probe  
  61  5:45  Probe  
  62  5:51  Immortal (Chrono Boost), Probe  
  67  6:09  Forge  
  67  6:14  Nexus  
  67  6:17  Pylon  
  67  6:27  Robotics Bay  
  67  6:33  Charge  
  67  6:39  Probe x2  
  69  6:42  Protoss Ground Weapons Level 1  
  69  6:49  Immortal (Chrono Boost)  
  73  6:56  Templar Archives  
  73  7:06  Gateway  
  73  7:07  Gateway  
  73  7:11  Gateway  
  73  7:16  Pylon  
  73  7:30  Zealot  
  73  7:31  Zealot x2  
  73  7:36  Phoenix  
  79  7:50  Pylon  
  79  7:52  High Templar x2  
  79  7:53  High Templar, Pylon  
  79  7:57  Probe x2  
  87  8:01  Pylon  
  87  8:03  Probe  
  88  8:07  High Templar  
  88  8:08  High Templar  
  88  8:09  High Templar  
  88  8:11  Archon  
  94  8:13  Archon, Probe  
  94  8:14  Probe x2  
  97  8:21  Phoenix  
  97  8:24  Probe  
  97  8:25  Probe  
  97  8:26  Probe  
  100  8:29  Immortal (Chrono Boost)  
  100  8:31  High Templar x2  
  100  8:32  Zealot  
  110  8:35  Archon  
  110  8:36  Probe  
  110  8:38  Probe x2  
  110  8:41  Protoss Ground Weapons Level 2 (Chrono Boost)  
  113  8:43  Pylon  
  113  8:45  Pylon  
  113  8:47  Probe  
  112  8:49  Zealot x2  
  113  8:58  Stalker  
  87  9:25  Probe  
  87  9:26  Probe x2  
  87  9:29  Assimilator  
  87  9:30  High Templar, Assimilator  
  87  9:31  Immortal (Chrono Boost)  
  96  9:35  Zealot x5  
  96  9:36  Probe  
  107  9:38  Probe x2  
  109  9:46  Probe  
  109  9:47  Robotics Bay  
  109  9:51  Probe x2  
  112  9:57  Probe  
  113  10:00  Robotics Facility  
  113  10:03  Pylon, Probe  
  114  10:09  Nexus  
  114  10:10  Pylon  
  114  10:16  High Templar  
  114  10:17  High Templar  
  114  10:21  Archon  
  118  10:23  Stalker x2  
  120  10:33  Disruptor (Chrono Boost)  
  123  10:39  Probe  
  123  10:40  Probe x2  
  126  10:49  Disruptor (Chrono Boost)  
  129  10:50  Probe  
  129  10:52  Probe x2  
  129  10:56  Zealot x4  
  140  10:57  Zealot  
  140  10:58  Protoss Ground Weapons Level 3  
  140  11:03  Probe  
  143  11:04  Probe x2  
  143  11:07  Disruptor (Chrono Boost)  
  143  11:09  Assimilator  
  143  11:10  Assimilator  
  148  11:15  Probe  
  149  11:20  Probe  
  149  11:21  Disruptor (Chrono Boost)  
  149  11:23  Photon Cannon  
  153  11:34  High Templar  
  153  11:38  Disruptor (Chrono Boost)  
  153  11:39  Archon  
  156  11:45  Probe  
  156  11:46  Probe x3  
  158  11:52  Warp Prism (Chrono Boost)  
  160  11:55  Probe, Photon Cannon  
  160  11:57  Pylon  
  160  11:58  Probe  
  162  12:03  Dark Shrine  
  162  12:05  Gateway  
  162  12:07  Gateway x2  
  162  12:09  Disruptor (Chrono Boost)  
  165  12:21  Probe  
  165  12:22  Adept x2  
  169  12:23  Observer (Chrono Boost)  
  169  12:25  Adept x2  
  175  12:32  Zealot x2  
  177  12:41  Immortal (Chrono Boost)  
  172  12:44  Zealot x2  
  172  12:45  Zealot x2  
  161  13:03  Probe  
  161  13:04  Probe  
  152  13:10  High Templar x4  
  152  13:11  High Templar, Zealot  
  158  13:15  Archon  
  158  13:16  Archon  
  150  13:32  Zealot x2  
  150  13:33  Zealot  
  132  13:36  Zealot  
  121  13:47  Immortal (Chrono Boost), Probe  
  121  13:48  Immortal (Chrono Boost)  
  129  13:49  Probe x3  
  129  13:53  Dark Templar x2  
  129  13:54  Dark Templar x3  
  129  13:55  Zealot x2  
  147  14:01  Probe  
  148  14:16  Zealot x2  
  148  14:17  Zealot x2  
Tags
 
Composition
Blink Stalkers
Matchup
PvP
Player
Miszu
Add a new tag
Caveats
  • Supply blocks, unpowered buildings, or Contaminate may cause inaccurate times.
  • Supply counts are checked every 10 seconds.